 Dungeon Crawl Stone Soup version 0.30.0-5-g1a98f26d00 (webtiles) character file.

Game seed: 16455703071846626273

50 monsoonserge the Firebug (level 4, -4/40 HPs)
             Began as a Meteoran Cinder Acolyte on May 9, 2023.
             Was a High Priest of Ignis.
             Slain by an ogre
             ... wielding a +0 giant club
              (18 damage)
             ... on level 4 of the Dungeon.
             The game lasted 00:07:12 (799 turns).

monsoonserge the Firebug (Meteoran Cinder Acolyte)   Turns: 799, Time: 00:07:12

Health: -4/40      AC: 10    Str: 17    XL:     4   Next: 24%
Magic:  7/7        EV: 11    Int: 15    God:    Ignis [*****.]
Gold:   79         SH:  0    Dex: 10    Spells: 4/6 levels left

rFire   + . .        h - +2 mace (drain)
rCold   . . .        (no shield)
rNeg    . . .        i - +0 leather armour
rPois   .            (no helmet)
rElec   .            (no cloak)
rCorr   .            (no gloves)
SInv    .            (no boots)
Will    .....        (no amulet)
Stlth   +            (no ring)
HPRegen 0.26/turn    (no ring)
MPRegen 0.10/turn

%: no passive effects
@: fiery-armoured, glowing
A: sense surroundings 1, otherworldly, glowing, explore regen
a: Renounce Religion, Fiery Armour, Foxfire Swarm, Rising Flame


You were on level 4 of the Dungeon.
You worshipped Ignis.
Ignis was extremely pleased with you.
You visited 1 branch of the dungeon, and saw 4 of its levels.

You collected 79 gold pieces.

Inventory:

Hand Weapons
 a - a -1 mace of flaming
 h - a +2 mace of draining (weapon)
Armour
 b - a +0 robe
 d - a +0 chain mail
 i - a +0 leather armour (worn)
 k - a +0 ring mail
Scrolls
 e - 3 scrolls of summoning {unknown}
 g - a scroll of noise {unknown}
 j - a scroll of teleportation {unknown}
 l - 2 scrolls of silence {unknown}
 m - 3 scrolls of identify {unknown}
Potions
 c - 2 potions of mutation {unknown}
 f - a potion of attraction {unknown}
 n - 2 potions of curing {unknown}


   Skills:
 + Level 4.0 Fighting
 + Level 4.3 Maces & Flails
 * Level 0.5 Armour
 + Level 0.7 Dodging
 + Level 1.5 Spellcasting
 + Level 4.4 Fire Magic


You had 4 spell levels left.
You knew the following spells:

 Your Spells              Type           Power      Damage    Failure   Level
a - Scorch                Fire           28%        2d6       7%          2

Your spell library contained the following spells:

 Spells                   Type           Power      Damage    Failure   Level
 Sublimation of Blood     Necr           1%         N/A       38%         2
 Wereblood                Tmut           1%         N/A       38%         2
 Summon Hydra             Summ           0%         N/A       100%        7


Dungeon Overview and Level Annotations

Branches:
Dungeon (4/15) Zot: 1584
 Temple: D:4-7

Altars:
Ashenzari
Fedhas
Gozag
Ru

Shops:
D:1 !


Innate Abilities, Weirdness & Mutations

You passively map a small area around you.
You are easily found by Zot.
You glow in the dark.
You regain HP and MP as you explore.


Message History

* * * LOW HITPOINT WARNING * * *
The ufetubus hits you but does no damage.
Casting: Scorch (safe; 7% risk of failure)
Confirm with . or Enter, or press ? or * to list all spells.
Flames lash the ufetubus.
The ufetubus is burned terribly!
You kill the ufetubus!
Okay, then.
Okay, then.
Casting: Scorch (safe; 7% risk of failure)
Confirm with . or Enter, or press ? or * to list all spells.
Okay, then.
Found a stone staircase leading down.
A quokka comes into view.
The quokka bites you.
There is a stone staircase leading down here.
You hit the quokka.
The quokka is lightly wounded.
The quokka bites you but does no damage.
You sock the quokka!
You kill the quokka!
Found a short fluorescent wand.
An ogre comes into view. It is wielding a +0 giant club.
The ogre shouts!
The ogre moves out of view.
Found a scroll labelled BADUFO BENANAUW.
A ball python comes into view.
The ogre hits you with a +0 giant club!!
Ouch! That really hurt!
A jelly comes into view.
You hear an angry hiss.
The jelly quivers.
The ball python hisses angrily.
You see here a wand of roots (9).
Okay, then.
A protective cloak of flame settles atop you.
An adder comes into view.
You hit the ogre.
The ogre is moderately wounded.
The ogre hits you with a +0 giant club!!
You die...

##### ....# ,
#############....### **,
#####...........@....S..
#.....###########OS..###*
,, #.######* * ** *....#
>........ , ,....# *
#########* ** ....J. *
....#.# *....# #* ..?.# *
*


You could see an ogre, a jelly, an adder and a ball python.

Vanquished Creatures
  An adder (D:2)
  An ufetubus (D:4)
  2 dart slugs (D:1)
  A bat (D:2)
  3 endoplasms
  4 giant cockroaches
  2 hobgoblins (D:3)
  3 quokkas
  4 ball pythons
  A frilled lizard (D:1)
  3 kobolds (D:1)
  6 rats
31 creatures vanquished.

Notes
Turn   | Place    | Note
-------+----------+-------------------------------------------
     0 | D:1      | monsoonserge the Meteoran Cinder Acolyte began the quest
                  | for the Orb.
     0 | D:1      | Reached XP level 1. HP: 19/19 MP: 3/3
    90 | D:1      | Reached XP level 2. HP: 26/26 MP: 5/5
    98 | D:1      | Found Muneh's Distillery.
   294 | D:1      | Found a faded altar of an unknown god.
   296 | D:1      | You fall into a shaft and drop 1 floor!
   312 | D:2      | Learned a level 2 spell: Scorch
   423 | D:2      | Reached XP level 3. HP: 33/33 MP: 6/6
   454 | D:2      | Found a broken altar of Ashenzari.
   707 | D:3      | Found a sacrificial altar of Ru.
   709 | D:3      | Found an opulent altar of Gozag.
   710 | D:3      | Found a blossoming altar of Fedhas.
   731 | D:3      | Reached XP level 4. HP: 39/40 MP: 7/7
   795 | D:4      | Noticed an ogre
   799 | D:4      | Slain by an ogre

Illustrated notes

Levels and vault maps discovered:
D:1:      dpeg_arrival_round_a, layout_basic, ebering_ecumenical_altar_box,
          serial_shops, shop, minmay_liquid_box
D:2:      layout_loops_ring, basic_altar, nicolae_figureground_pulse
D:3:      layout_basic, riverfiend_overflow_shadow_ancestor,
          gammafunk_temple_overflow_forgotten
D:4:      layout_basic

Skill      XL: |  1  2  3 |
---------------+----------+-----
Fire Magic     | 4 |  4.4
Fighting       | 4 |  4.0
Maces & Flails | |  4.3
Armour         | |  0.5
Dodging        | |  0.7
Spellcasting   | |  1.5

Action                     |  1- 3 |  4- 6 || total
---------------------------+-------+-------++-------
  Melee: Mace              |    59 |    17 ||    76
   Cast: Scorch            |     5 |     1 ||     6
 Invoke: Fiery Armour      |       |     1 ||     1
 Armour: Robe              |    14 |       ||    14
         Leather armour    |     2 |    11 ||    13
  Dodge: Dodged            |    24 |    13 ||    37
